 Dungeon Sprint DCSS version 0.18.1-47-g9310371 (webtiles) character file.

7700000 protoss039 the Conqueror (level 27, -27/273 HPs)
             Began as a Minotaur Fighter on June 13, 2016.
             Was the Champion of Makhleb.
             Annihilated by a destroyer
             ... wielding a +9 great sword of slicing
              (48 damage)
             ... in the Dungeon (Sprint VIII: "Arena of Blood").
             The game lasted 00:05:17 (77 turns).

protoss039 the Conqueror (Minotaur Fighter)           Turns: 77, Time: 00:05:18

Health: -27/273    AC: 13    Str: 30    XL:     27
Magic:  28/53      EV: 27    Int:  5    God:    Makhleb [******]
Gold:   0          SH:  0    Dex: 14    Spells: 0 memorised, 80 levels left

rFire  . . .     SeeInvis .     l - +∞ Axe of Woe
rCold  . . .     Gourm    .     b - +0 scale mail
rNeg   . . .     Faith    .     (shield currently unavailable)
rPois  .         Spirit   .     (helmet restricted)
rElec  .         Dismiss  .     (no cloak)
rCorr  .         Reflect  .     (no gloves)
SustAt .         Harm     .     (no boots)
MR     ++...     NoTele   +     (no amulet)
Stlth  +++++++...               o - +250 ring of slaying
                                m - +30 ring of slaying

@: very resistant to hostile enchantments, extremely stealthy
A: retaliatory headbutt, horns 2
a: Minor Destruction, Lesser Servant of Makhleb, Major Destruction, Greater
Servant of Makhleb, Renounce Religion


You were in the Dungeon.
You worshipped Makhleb.
Makhleb was exalted by your worship.
You were not hungry.

You visited 1 branch

Inventory:

Hand Weapons
 a - a +0 war axe
 l - the +∞ Axe of Woe (weapon)
   (You found it in the Dungeon)
 p - a +9 great sword
Armour
 b - a +0 scale mail (worn)
 c - a +0 shield
Jewellery
 m - a +30 ring of slaying (left hand)
 n - a +30 ring of slaying
 o - a +250 ring of slaying (right hand)
 q - a +200 ring of slaying
 r - a +200 ring of slaying
Scrolls
 k - a scroll of blinking
Potions
 d - a potion of might
 e - a potion of curing
 g - a potion of heal wounds
 h - a potion of haste
 i - 2 potions of magic
 j - a potion of berserk rage
Comestibles
 f - a bread ration


   Skills:
 O Level 27 Fighting
 O Level 27 Long Blades
 O Level 27 Axes
 O Level 27 Throwing
 O Level 27 Armour
 O Level 27 Dodging
 O Level 27 Stealth
 O Level 27 Shields
 O Level 27 Unarmed Combat
 O Level 27 Spellcasting
 O Level 27 Invocations


You had 80 spell levels left.
You didn't know any spells.

Dungeon Overview and Level Annotations

Branches:
Dungeon (1/1)

Altars:
Makhleb


Innate Abilities, Weirdness & Mutations

You reflexively headbutt those who attack you in melee.
You have a pair of horns on your head.


Message History

Unknown command.
Unknown command.
q - a +200 ring of slaying;
r - a +200 ring of slaying You are engulfed in roaring flames.
You hear a shout!
The meat berserker hits you with a +9 battleaxe!
You hear a shout! x3
The reaper misses you.
You hear a shout! x2
Two crawling corpses merge to form a small abomination.
The accursed points at you and mumbles some strange words.
Something smites you!
The bag of meat is engulfed in roaring flames.
The bag of meat hits you with a +9 war axe!
You hear a shout!
The destroyer is engulfed in roaring flames.
The destroyer hits you with a +9 great sword of slicing!!!!!
Ouch! That really hurt!
* * * LOW HITPOINT WARNING * * *
You die...

..... .. o.....
#..... .# ...#%W.
#.... ..#
#..o.V.###..O ..###.
.........M.o###......
...o#.o..O..._......
..#ox.ooVx#))...#
....oo2zO.#_)<._#
#..ozo@§#))...#.o.
...#.)Vo§X))_O.....
......§)§§))###....§.
.....CO###.......###.
.....o. #.......#
....... #.......#
#.....§ .........
.#.#... ..........
.#.... ..........


You could see an accursed, a reaper, 3 destroyers, 2 sculptors of flesh, a large
bag of meat (inner flame), a large abomination, a dread, 5 meat berserkers, a
small abomination, 14 bags of meat and a crawling corpse.

Vanquished Creatures
  A hell beast (D)
  A greater mummy (D)
  A wraith (D)
  13 vampire knights (D)
  33 ogres (D)
  2 liches (D)
  A hydra (D)
  77 orcs (D)
  4 hill giants (D)
  2 skeletal warriors (D)
  8 large abominations (D)
  11 small abominations (D)
  9 crawling corpses (D)
163 creatures vanquished.

Vanquished Creatures (others)
  2 crawling corpses (D)
2 creatures vanquished.

Grand Total: 165 creatures vanquished

Notes
Turn   | Place    | Note
--------------------------------------------------------------
     0 | D        | protoss039 the Minotaur Fighter began the quest for the Orb.
     0 | D        | Reached XP level 1. HP: 19/19 MP: 0/0
     2 | D        | Noticed a bag of meat
     2 | D        | Noticed a bag of meat
     4 | D        | Noticed a bag of meat
     4 | D        | Noticed a bag of meat
     5 | D        | Noticed a bag of meat
     6 | D        | Noticed a bag of meat
     7 | D        | Noticed a bag of meat
     8 | D        | Noticed a bag of meat
     8 | D        | Noticed a bag of meat
     9 | D        | Killed a bag of meat
     9 | D        | Reached skill level 10 in Axes
     9 | D        | Reached XP level 2. HP: 53/53 MP: 1/1
     9 | D        | Reached XP level 3. HP: 60/60 MP: 2/2
     9 | D        | Reached XP level 4. HP: 69/69 MP: 3/3
     9 | D        | Reached XP level 5. HP: 75/75 MP: 4/4
     9 | D        | Reached XP level 6. HP: 83/83 MP: 5/5
     9 | D        | Reached XP level 7. HP: 91/91 MP: 6/6
     9 | D        | Reached XP level 8. HP: 99/99 MP: 7/7
     9 | D        | Reached XP level 9. HP: 105/105 MP: 8/8
     9 | D        | Reached XP level 10. HP: 114/114 MP: 9/9
     9 | D        | Reached XP level 11. HP: 121/121 MP: 10/10
    10 | D        | Noticed a bag of meat
    10 | D        | Noticed a meat berserker
    10 | D        | Killed a bag of meat
    10 | D        | Reached XP level 12. HP: 120/136 MP: 11/11
    10 | D        | Killed a bag of meat
    10 | D        | Reached XP level 13. HP: 130/147 MP: 12/12
    11 | D        | Killed a bag of meat
    11 | D        | Reached XP level 14. HP: 126/159 MP: 13/13
    11 | D        | Killed a bag of meat
    11 | D        | Reached skill level 15 in Axes
    12 | D        | Noticed a meat berserker
    12 | D        | Killed a bag of meat
    12 | D        | Reached XP level 15. HP: 77/173 MP: 14/14
    12 | D        | Killed a meat berserker
    12 | D        | Reached skill level 27 in Fighting
    12 | D        | Reached skill level 27 in Armour
    12 | D        | Reached skill level 27 in Shields
    13 | D        | Became a worshipper of Makhleb the Destroyer
    14 | D        | Reached XP level 16. HP: 76/183 MP: 15/15
    14 | D        | Reached * piety under Makhleb
    14 | D        | Reached skill level 27 in Axes
    14 | D        | Reached skill level 15 in Dodging
    15 | D        | Killed a meat berserker
    15 | D        | Reached XP level 17. HP: 137/191 MP: 16/16
    16 | D        | Reached ** piety under Makhleb
    16 | D        | Reached skill level 27 in Dodging
    18 | D        | Noticed a meat berserker
    19 | D        | Noticed a meat berserker
    20 | D        | Noticed a meat berserker
    23 | D        | Killed a meat berserker
    23 | D        | Reached skill level 10 in Unarmed Combat
    24 | D        | Noticed a meat berserker
    24 | D        | Killed a meat berserker
    24 | D        | Reached *** piety under Makhleb
    24 | D        | Reached XP level 18. HP: 200/200 MP: 16/30
    25 | D        | Killed a meat berserker
    25 | D        | Reached skill level 15 in Throwing
    25 | D        | Reached skill level 15 in Invocations
    26 | D        | Noticed a meat berserker
    28 | D        | Reached XP level 19. HP: 207/207 MP: 16/33
    29 | D        | Reached **** piety under Makhleb
    30 | D        | Noticed a meat berserker
    31 | D        | Noticed a destroyer
    31 | D        | Reached ***** piety under Makhleb
    31 | D        | Reached skill level 27 in Invocations
    31 | D        | Noticed an eight-headed meat hydra
    32 | D        | Noticed a large bag of meat
    32 | D        | Killed a meat berserker
    32 | D        | Killed a meat berserker
    32 | D        | Reached skill level 15 in Spellcasting
    32 | D        | Reached XP level 20. HP: 216/216 MP: 17/38
    33 | D        | Noticed a meat berserker
    34 | D        | Noticed a meat berserker
    34 | D        | Noticed a destroyer
    35 | D        | Killed a meat berserker
    35 | D        | Reached XP level 21. HP: 224/224 MP: 18/41
    35 | D        | Reached ****** piety under Makhleb
    35 | D        | Reached skill level 27 in Unarmed Combat
    37 | D        | Reached skill level 27 in Stealth
    38 | D        | Killed a destroyer
    38 | D        | Reached skill level 27 in Throwing
    38 | D        | Reached XP level 22. HP: 233/233 MP: 18/47
    39 | D        | Reached skill level 27 in Spellcasting
    40 | D        | Reached XP level 23. HP: 240/240 MP: 19/53
    41 | D        | Noticed a destroyer
    41 | D        | Killed a destroyer
    42 | D        | Reached XP level 24. HP: 249/249 MP: 19/53
    43 | D        | Noticed a destroyer
    44 | D        | Noticed a destroyer
    46 | D        | Killed a destroyer
    46 | D        | Reached XP level 25. HP: 257/257 MP: 20/53
    48 | D        | Noticed a tyrant
    48 | D        | Noticed a destroyer
    49 | D        | Reached XP level 26. HP: 261/266 MP: 21/53
    49 | D        | Killed a destroyer
    51 | D        | Noticed an accursed
    54 | D        | Reached XP level 27. HP: 155/273 MP: 22/53
    55 | D        | Noticed a destroyer
    56 | D        | Noticed a destroyer
    56 | D        | Reached skill level 27 in Long Blades
    56 | D        | Killed a destroyer
    58 | D        | Noticed a destroyer
    59 | D        | Noticed a tyrant
    59 | D        | Killed a destroyer
    61 | D        | Noticed a destroyer
    61 | D        | Noticed a destroyer
    63 | D        | Killed a tyrant
    63 | D        | Killed a destroyer
    65 | D        | Noticed a meat beast
    65 | D        | Noticed a destroyer
    65 | D        | Killed a destroyer
    65 | D        | Killed a destroyer
    66 | D        | Noticed a dread
    66 | D        | Noticed a destroyer
    67 | D        | Noticed a destroyer
    68 | D        | Killed a destroyer
    69 | D        | Killed an accursed
    70 | D        | Killed a tyrant
    70 | D        | Killed a destroyer
    71 | D        | Noticed a destroyer
    71 | D        | Killed a destroyer
    72 | D        | Noticed an accursed
    73 | D        | Killed a meat beast
    73 | D        | Killed a destroyer
    74 | D        | Killed a dread
    75 | D        | Noticed a destroyer
    77 | D        | Noticed a dread
    77 | D        | Annihilated by a destroyer

Skill      XL: |  1  2  3  4  5  6  7  8  9 10 11 12 13 14 15 16 17 18 19 20 21 22 23 24 25 26 27 |
---------------+----------------------------------------------------------------------------------+-----
Fighting       | 18 21 22 24 26 27 | 27.0
Axes           | 10 12 13 14 16 26 27 | 27.0
Armour         | 18 21 22 24 26 27 | 27.0
Shields        | 18 20 22 23 26 27 | 27.0
Dodging        | 4 24 27 | 27.0
Throwing       | 13 15 20 23 27 | 27.0
Stealth        | 12 14 18 21 27 | 27.0
Unarmed Combat | 14 16 21 25 27 | 27.0
Spellcasting   | 9 11 15 17 22 27 | 27.0
Invocations    | 13 20 27 | 27.0
Long Blades    | 27 | 27.0

Action                   |  1- 3 |  4- 6 |  7- 9 | 10-12 | 13-15 | 16-18 | 19-21 | 22-24 | 25-27 || total
-------------------------+-------+-------+-------+-------+-------+-------+-------+-------+-------++-------
Melee: Executioner's axe |     1 |       |       |     1 |     3 |     6 |     7 |     8 |    22 ||    48
Invok: Minor Destruction |       |       |       |       |       |     1 |       |       |       ||     1
Armor: Scale mail        |       |       |       |       |       |       |       |       |     2 ||     2
Dodge: Dodged            |       |       |       |       |       |       |     1 |       |    10 ||    11
